 Dungeon Crawl Stone Soup version 0.28-a0-1622-gc30f734a66 (webtiles) character file.

Game seed: 7994480356482081271

193 Destapler the Skirmisher (level 5, -2/47 HPs)
             Began as a Hill Orc Fighter on Jan 23, 2022.
             Slain by a phantom (4 damage)
             ... on level 5 of the Dungeon.
             The game lasted 00:02:54 (1533 turns).

Destapler the Skirmisher (Hill Orc Fighter)         Turns: 1533, Time: 00:02:54

Health: -2/47      AC:  7    Str: 21    XL:     5   Next: 72%
Magic:  5/5        EV:  9    Int:  8    God:
Gold:   120        SH:  4    Dex: 10    Spells: 4/4 levels left

rFire   . . .      SeeInvis .   a - +0 war axe
rCold   . . .      Faith    .   c - +0 buckler
rNeg    . . .      Spirit   .   b - +0 scale mail
rPois   .          Reflect  .   (no helmet)
rElec   .          Harm     .   (no cloak)
rCorr   .          Rampage  .   (no gloves)
Will    .....                   (no boots)
Stlth   ..........              (no amulet)
HPRegen 0.15/turn               (no ring)
MPRegen 0.09/turn               (no ring)

@: mighty
A: no striking features
a: no special abilities


You were on level 5 of the Dungeon.
You visited 1 branch of the dungeon, and saw 4 of its levels.

You collected 120 gold pieces.

Inventory:

Hand Weapons
 a - a +0 war axe (weapon)
 h - a +1 whip of flaming
Missiles
 g - a throwing net (quivered)
Armour
 b - a +0 scale mail (worn)
 c - a +0 buckler (worn)
Wands
 k - a wand of acid (12)
Scrolls
 e - a scroll of identify
 i - 2 scrolls of holy word
Potions
 f - a potion of curing


   Skills:
 + Level 4.8 Fighting
 + Level 4.4 Axes
 + Level 4.4 Armour
 + Level 4.4 Shields


You had 4 spell levels left.
You didn't know any spells.
Your spell library contained the following spells:

 Spells                   Type           Power      Damage    Failure   Level
 Confusing Touch          Hex            0%         N/A       99%         3
 Yara's Violent Unravell  Hex/Tmut       0%         3d3       100%        5
 Enfeeble                 Hex            0%         N/A       100%        7


Dungeon Overview and Level Annotations

Branches:
Dungeon (5/15)
 Temple: D:4-7

Altars:

Shops:
D:2 (


Message History

You kill the adder!
You feel sick.
You feel sick.
There is an open door, spattered with blood here.
Things that are here:
an adder corpse; an iguana corpse You feel sick.
You feel sick.
You are no longer poisoned.
Found a stone staircase leading down.
Found a grey potion.
Found a stone staircase leading down.
There is a stone staircase leading down here.
You hear the rusting of a very distant drain.
A water moccasin zombie comes into view.
A phantom comes into view.
The water moccasin zombie bites you but does no damage.
Found a scroll of identify and a pair of pitted gloves.
The phantom closely misses you. The water moccasin zombie bites you.
* * * LOW HITPOINT WARNING * * *
You feel better. The phantom hits you.
* * * LOW HITPOINT WARNING * * *
The water moccasin zombie bites you.
* * * LOW HITPOINT WARNING * * *
You feel very mighty all of a sudden.
The phantom hits you but does no damage.
The water moccasin zombie bites you.
* * * LOW HITPOINT WARNING * * *
You hit the phantom but do no damage. You hit the water moccasin zombie.
The water moccasin zombie bites you.
* * * LOW HITPOINT WARNING * * *
The phantom barely misses you. The water moccasin zombie bites you.
* * * LOW HITPOINT WARNING * * *
Unknown command.
You hit the phantom.
The phantom is moderately damaged.
You slash the water moccasin zombie! The phantom hits you.
* * * LOW HITPOINT WARNING * * *
The phantom blinks!
You blink.
The phantom hits you.
You die...

######### ####### #
........# .......#
.######.##
.#...#.#### .#
####..###[#........#
.# #......Z§....@#
.###.#....§#.....W.#
.....##...##########
.######..## ...
....# ########.#
#+## ##...##
######.....##


You could see a phantom and a water moccasin zombie.

Vanquished Creatures
  An ogre (D:5)
  A centaur skeleton (D:5)
  Ijyb (D:4)
  An iguana (D:5)
  An adder (D:5)
  A worm (D:2)
  A ball python (D:2)
  2 bats
  3 endoplasms
  A giant cockroach (D:1)
  2 goblins
  2 hobgoblins (D:1)
  2 kobolds (D:1)
  A frilled lizard (D:1)
20 creatures vanquished.

Notes
Turn   | Place    | Note
-------+----------+-------------------------------------------
     0 | D:1      | Destapler the Hill Orc Fighter began the quest for the Orb.
     0 | D:1      | Reached XP level 1. HP: 19/19 MP: 1/1
    99 | D:1      | Reached XP level 2. HP: 21/27 MP: 2/2
   893 | D:2      | Found a faded altar of an unknown god.
  1193 | D:2      | Found Teafan's Antique Weapon Shop.
  1345 | D:2      | You fall into a shaft and drop 2 floors!
  1350 | D:4      | Noticed Ijyb
  1357 | D:4      | Killed Ijyb
  1358 | D:4      | Reached XP level 3. HP: 26/33 MP: 3/3
  1376 | D:5      | Entered Level 5 of the Dungeon
  1381 | D:5      | Noticed an ogre
  1390 | D:5      | Killed an ogre
  1391 | D:5      | Reached XP level 4. HP: 9/41 MP: 4/4
  1391 | D:5      | Reached XP level 5. HP: 11/47 MP: 5/5
  1527 | D:5      | Noticed a phantom
  1533 | D:5      | HP: 2/47 [phantom (1)]
  1533 | D:5      | Slain by a phantom

Illustrated notes

Levels and vault maps discovered:
D:1:      scummos_arrival_gate, layout_basic
D:2:      layout_basic, serial_shops, nicolae_shop_advertising_works
          [nicolae_subvault_shop_adworks], chequers_ecumenical_altar_simple,
          st_stairs_1, minmay_octomino_c4, uniq_crazy_yiuf_cottage
D:4:      layout_cave_pods, uniq_ijyb
D:5:      layout_loops_corners, minmay_temple_entry_nine_rooms,
          ebering_ghost_sewer_d, gup_sewer_entry_glass

Skill      XL: |  1  2  3 |
---------------+----------+-----
Axes           | 3 4 |  4.4
Fighting       | 4 |  4.8
Armour         | 4 |  4.4
Shields        | 4 |  4.4

Action                   |  1- 3 |  4- 6 || total
-------------------------+-------+-------++-------
Melee: War axe           |    56 |    12 ||    68
  Use: Potion            |     1 |     2 ||     3
       Scroll            |     3 |       ||     3
Armor: Scale mail        |    14 |     9 ||    23
Dodge: Dodged            |    24 |     8 ||    32
Block: Buckler           |    12 |     2 ||    14

Table legend: (Time is in decaauts)
 A = Elapsed time spent in this place.
 B = Non-inter-level travel time spent in this place.
 C = Inter-level travel time spent in this place.
 D = Time resting spent in this place.
 E = Time spent auto-exploring this place.
 F = Levels seen in this place.
 G = Mean time per level.
                   A        B        C        D        E       F      G
               +--------+--------+--------+--------+--------+-----+--------+
         Total |   1558 |   1539 |     19 |     58 |   1232 |   4 |  389.5 |
       Dungeon |   1558 |   1539 |     19 |     58 |   1232 |   4 |  389.5 |
               +--------+--------+--------+--------+--------+-----+--------+

Top non-repeatable levels by time:
     D:1: 873 daAuts
     D:2: 489 daAuts
     D:5: 162 daAuts
     D:4: 32 daAuts
